 Dungeon Crawl Stone Soup version 0.28-a0-697-g47f3eba078 (webtiles) character file.

Game seed: 10126691175068304486

4 ytrimaz the Caller (level 1, 0/13 HPs)
             Began as a Merfolk Summoner on Oct 23, 2021.
             Slain by a gnoll (7 damage)
             ... on level 1 of the Dungeon.
             The game lasted 00:01:04 (156 turns).

ytrimaz the Caller (Merfolk Summoner)                Turns: 156, Time: 00:01:04

Health: 0/13       AC:  2    Str:  8    XL:     1   Next: 70%
Magic:  3/3        EV: 12    Int: 14    God:
Gold:   0          SH:  0    Dex: 14    Spells: 3/4 levels left

rFire   . . .      SeeInvis .   (no weapon)
rCold   . . .      Faith    .   (no shield)
rNeg    . . .      Spirit   .   a - +0 robe
rPois   +          Reflect  .   (no helmet)
rElec   .          Harm     .   (no cloak)
rCorr   .          Rampage  .   (no gloves)
Will    .....                   (no boots)
Stlth   ++........              (no amulet)
HPRegen 0.04/turn               g - ring of poison resistance
MPRegen 0.08/turn               (no ring)

@: no status effects
A: (nimble swimmer 2), mertail
a: no special abilities


You were on level 1 of the Dungeon.
You visited 1 branch of the dungeon, and saw 1 of its levels.

Inventory:

Armour
 a - a +0 robe (worn)
Jewellery
 g - a ring of poison resistance (left hand)
Scrolls
 b - a scroll of identify {unknown}
 c - a scroll of fog {unknown}
 d - a scroll of teleportation {unknown}
 f - 2 scrolls of immolation {unknown}
Potions
 e - a potion of magic {unknown}


   Skills:
 - Level 2.6 Dodging
 - Level 2.1 Stealth
 + Level 2.0 Spellcasting
 + Level 4.2 Summonings


You had 3 spell levels left.
You knew the following spells:

 Your Spells              Type           Power      Damage    Failure   Level
a - Summon Small Mammal   Summ           52%        N/A       4%          1

Your spell library contained the following spells:

 Spells                   Type           Power      Damage    Failure   Level
 Call Imp                 Summ           13%        N/A       6%          2
 Call Canine Familiar     Summ           13%        N/A       12%         3
 Summon Guardian Golem    Hex/Summ       7%         N/A       30%         3
 Summon Lightning Spire   Summ/Air       7%         N/A       69%         4


Dungeon Overview and Level Annotations

Branches:
Dungeon (1/15)

Altars:


Innate Abilities, Weirdness & Mutations

((You are quick and stealthy near water. (Stealth+, EV+, Speed+++)))
Your lower body shifts to a powerful aquatic tail in water.


Message History

Key pressed, stopping explore.
You see here a +0 club.
A frilled lizard and a bat come into view.
Found a ruby ring.
There are monsters nearby!
There are monsters nearby!
You see here a glowing yellow potion.
There are no items here.
You see here a glowing yellow potion.
e - a glowing yellow potion The bat hits your bat but does no damage.
Your bat barely misses the bat.
The bat barely misses your bat. The bat misses your quokka.
Your bat hits the frilled lizard.
The frilled lizard dies!
Your bat closely misses the bat.
Your quokka bites the bat.
The bat hits your quokka.
Your bat closely misses the bat.
The bat misses your quokka.
Your bat hits the bat but does no damage.
Your quokka bites the bat.
The bat hits your quokka but does no damage. x2
Your bat hits the bat.
Your quokka bites the bat.
The bat dies!
f - 2 scrolls labelled RAYHEJ UVVEUMICO You swap places.
You see here a bat corpse.
Your quokka disappears in a puff of smoke!
Found a plate armour.
Your bat disappears in a puff of smoke!
g - a ring of poison resistance
g - a ring of poison resistance (left hand)
A ball python and a gnoll come into view.
The ball python hisses angrily.
The gnoll shouts!
The ball python bites you. The ball python closely misses you.
The gnoll hits you from afar with a +0 spear.
The ball python bites you but does no damage.
The ball python barely misses you. The gnoll completely misses you.
The ball python misses you. The ball python closely misses you.
The gnoll hits you from afar with a +0 spear!
Ouch! That really hurt!
You die...

.. .. ### .. #. ...
. ....## ##.
.#..#### ... ......
#.###g#.###..
#.$.#.$.[.....
###.@S...##.. .#.
#....##..##.# ##..
.....##..#.....###
..# ..##
##..#.#..... #.. #
##.#....## ####.# #
#.......###..... ..
####......##.....
#..#...............†
......§........)....


You could see a gnoll and a ball python.

Vanquished Creatures (collateral kills)
  A kobold (D:1)
  2 bats (D:1)
  2 frilled lizards (D:1)
5 creatures vanquished.

Notes
Turn   | Place    | Note
-------+----------+-------------------------------------------
     0 | D:1      | ytrimaz the Merfolk Summoner began the quest for the Orb.
     0 | D:1      | Reached XP level 1. HP: 13/13 MP: 3/3
   156 | D:1      | Slain by a gnoll

Illustrated notes

Levels and vault maps discovered:
D:1:      lightli_arrival_maybe_door_vault, layout_rooms,
          dilly_ecumenical_altar_fadedgnrine

Action                   || total
-------------------------++-------
Melee: Unarmed           ||     9
 Cast: Summon Small Mamm ||     6
 Stab: Distracted        ||     1
Armor: Robe              ||     6
Dodge: Dodged            ||    16

Table legend: (Time is in decaauts)
 A = Elapsed time spent in this place.
 B = Non-inter-level travel time spent in this place.
 C = Inter-level travel time spent in this place.
 D = Time resting spent in this place.
 E = Time spent auto-exploring this place.
 F = Levels seen in this place.
 G = Mean time per level.
                   A        B        C        D        E       F      G
               +--------+--------+--------+--------+--------+-----+--------+
         Total |    155 |    155 |      0 |      0 |     89 |   1 |  155.0 |
       Dungeon |    155 |    155 |      0 |      0 |     89 |   1 |  155.0 |
               +--------+--------+--------+--------+--------+-----+--------+

Top non-repeatable levels by time:
     D:1: 155 daAuts
